 Dungeon Crawl Stone Soup version 0.29.1-1-gd02db6906a (webtiles) character file.

Game seed: 13998509345722187139

854 vvl the Chiller (level 7, -1/52 HPs)
             Began as a Demonspawn Ice Elementalist on Oct 14, 2022.
             Slain by an ogre
             ... wielding a +0 giant club
              (21 damage)
             ... on level 5 of the Dungeon.
             The game lasted 00:10:46 (5444 turns).

vvl the Chiller (Demonspawn Ice Elementalist)       Turns: 5444, Time: 00:10:48

Health: -1/52      AC:  4    Str:  8    XL:     7   Next: 70%
Magic:  8/12       EV: 11    Int: 18    God:
Gold:   138        SH:  0    Dex: 14    Spells: 12/13 levels left

rFire   . . .      SeeInvis .   j - +0 short sword (freeze)
rCold   . . .      Faith    .   (no shield)
rNeg    . . .      Spirit   .   g - +0 leather armour
rPois   .          Reflect  .   e - +0 helmet
rElec   .          Harm     .   (no cloak)
rCorr   +          Rampage  .   (no gloves)
Will    .....                   (no boots)
Stlth   ++........              o - amulet of regeneration
HPRegen 0.97/turn               l - ring of resist corrosion
MPRegen 0.26/turn               (no ring)

@: no status effects
A: ignite blood 1, magic regeneration, weakness stinger 2
a: no special abilities


You were on level 5 of the Dungeon.
You visited 1 branch of the dungeon, and saw 5 of its levels.

You collected 138 gold pieces.

Inventory:

Hand Weapons
 j - a +0 short sword of freezing (weapon)
 k - a +2 whip of freezing
 s - a +0 spear of flaming
 v - a +4 flail of protection
Armour
 e - a +0 helmet (worn)
 g - a +0 leather armour (worn)
Jewellery
 c - an amulet of guardian spirit
 l - a ring of resist corrosion (left hand)
 o - an amulet of regeneration (around neck)
Wands
 t - a wand of flame (34)
 w - a wand of polymorph (8)
Scrolls
 a - 2 scrolls of fog {unknown}
 f - 2 scrolls of vulnerability {unknown}
 h - 3 scrolls of teleportation {unknown}
 m - a scroll of magic mapping {unknown}
 x - a scroll of identify {unknown}
Potions
 b - 2 potions of magic
 d - 3 potions of lignification {unknown}
 i - 3 potions of curing
 n - 2 potions of heal wounds {unknown}
 p - a potion of degeneration {unknown}
 q - a potion of resistance {unknown}
 r - 3 potions of brilliance {unknown}
 u - a potion of mutation {unknown}


   Skills:
 + Level 3.2 Fighting
 + Level 2.7 Armour
 - Level 2.0 Dodging
 - Level 2.0 Stealth
 + Level 3.6 Spellcasting
 + Level 2.1 Conjurations
 + Level 2.4 Necromancy
 + Level 5.5 Ice Magic
 + Level 1.9 Earth Magic


You had 12 spell levels left.
You knew the following spells:

 Your Spells              Type           Power      Damage    Failure   Level
a - Freeze                Ice            92%        1d10      2%          1

Your spell library contained the following spells:

 Spells                   Type           Power      Damage    Failure   Level
 Frozen Ramparts          Ice            46%        1d7       7%          3
 Ozocubu's Armour         Ice            23%        N/A       7%          3
 Sublimation of Blood     Necr           11%        N/A       12%         2
 Foxfire                  Conj/Fire      28%        2x1d5     14%         1
 Conjure Flame            Conj/Fire      7%         6-21      38%         3
 Hailstorm                Conj/Ice       17%        3d6       41%         4
 Gell's Gravitas          Tloc           3%         N/A       54%         3
 Inner Flame              Hex/Fire       3%         N/A       54%         3
 Lesser Beckoning         Tloc           3%         N/A       54%         3
 Teleport Other           Tloc           3%         N/A       54%         3
 Flame Wave               Conj/Fire      7%         2d5       80%         4
 Petrify                  Tmut/Erth      6%         N/A       82%         4
 Metabolic Englaciation   Hex/Ice        6%         N/A       89%         5
 Irradiate                Conj/Tmut      3%         3d12      98%         5
 Simulacrum               Ice/Necr       8%         N/A       100%        6


Dungeon Overview and Level Annotations

Branches:
Dungeon (5/15)
 Temple: D:4-7

Altars:
Ashenzari
Gozag
Okawaru

Shops:
D:1 =


Innate Abilities, Weirdness & Mutations

Your demonic aura sometimes causes spilled blood to erupt in flames.
You regenerate magic rapidly.
You have a tail ending in a sharp stinger.


Message History

The white imp is heavily wounded.
The white imp barely misses you.
You hit the white imp.
Your tail-slap misses the white imp.
The white imp is severely wounded.
The white imp hits you. The white imp freezes you.
You hit the white imp.
The white imp is severely wounded.
The white imp gestures at you. The puff of frost hits you.
You hear a sizzling sound!
You hit the white imp. You tail-slap the white imp.
You kill the white imp!
An ogre comes into view. It is wielding a +0 giant club.
An ogre is nearby!
An ogre is nearby!
An ogre is nearby!
An ogre is nearby!
An ogre is nearby!
The ogre shouts!
You freeze the ogre.
The ogre is lightly wounded.
The ogre misses you.
You freeze the ogre.
The ogre is moderately wounded.
The ogre hits you with a +0 giant club!
You freeze the ogre!
The ogre is heavily wounded.
You freeze the ogre.
The ogre is heavily wounded.
The ogre hits you with a +0 giant club!!
You are too injured to fight recklessly!
Casting: Freeze (safe; 2% risk of failure)
Confirm with . or Enter, or press ? or * to list all spells.
Aiming: Freeze (safe; 2% risk of failure)
Press: ? - help, Shift-Dir - straight line, f/p - ogre
Aim: an ogre, wielding a +0 giant club (heavily wounded)
You freeze the ogre.
The ogre is severely wounded.
The ogre hits you with a +0 giant club!!
You die...

###### #....) # #.####
.. #### .# #.# ... ...
..# #.#### ....
#.####.######.....
..!..##...#..#..........
.............#.####.....
#.O@.....#.# #.#.##
#...○....#.# #.#.#
#........#.# #.#.#
#..........####.#.##
#...............#...
##############..#...
#... #.##


You could see an ogre.

Vanquished Creatures
  Edmund (D:5)
  Duvessa (D:4)
  A black bear (D:4)
  2 scorpions
  Dowan (D:4)
  A hound (D:5)
  A jelly (D:5)
  2 orc wizards
  Ijyb (D:5)
  An iguana (D:4)
  4 gnolls (D:3)
  5 adders
  2 shadow imps
  A white imp (D:5)
  An ufetubus (D:5)
  2 worms
  2 dart slugs (D:1)
  10 orcs
  9 ball pythons
  8 bats
  5 endoplasms
  5 giant cockroaches
  9 goblins
  7 hobgoblins
  6 jackals
  8 kobolds
  2 quokkas
  7 frilled lizards
  5 rats
110 creatures vanquished.

Vanquished Creatures (others)
  12 plants (D:4)
12 creatures vanquished.

Grand Total: 122 creatures vanquished

Notes
Turn   | Place    | Note
-------+----------+-------------------------------------------
     0 | D:1      | vvl the Demonspawn Ice Elementalist began the quest for the
                  | Orb.
     0 | D:1      | Reached XP level 1. HP: 13/13 MP: 3/3
   294 | D:1      | Gained mutation: Your demonic aura sometimes causes spilled
                  | blood to erupt in flames. [demonic ancestry]
   294 | D:1      | Reached XP level 2. HP: 11/20 MP: 1/5
   861 | D:1      | Reached skill level 4 in Ice Magic
   904 | D:1      | Discovered your monstrous ancestry.
   904 | D:1      | Gained mutation: You have a small tail. [demonic ancestry]
   904 | D:1      | Reached XP level 3. HP: 15/25 MP: 4/6
   912 | D:1      | Reached skill level 1 in Fighting
  1177 | D:1      | Found Asiunur's Jewellery Shop.
  1563 | D:2      | Reached XP level 4. HP: 23/32 MP: 1/7
  2160 | D:2      | Reached skill level 1 in Armour
  2867 | D:2      | Found a faded altar of an unknown god.
  3131 | D:3      | Gained mutation: You regenerate magic rapidly. [demonic
                  | ancestry]
  3131 | D:3      | Reached XP level 5. HP: 30/38 MP: 1/9
  3613 | D:3      | Found an opulent altar of Gozag.
  3614 | D:3      | Found a broken altar of Ashenzari.
  3685 | D:3      | Identified the +2 robe "Bemosch" {Rampage rCorr}
  3894 | D:3      | Reached skill level 5 in Ice Magic
  4302 | D:4      | Gained mutation: You have a tail ending in a sharp stinger.
                  | [demonic ancestry]
  4302 | D:4      | Reached XP level 6. HP: 38/45 MP: 5/10
  4518 | D:4      | Found an iron altar of Okawaru.
  4809 | D:4      | Noticed Dowan
  4810 | D:4      | Noticed Duvessa
  4838 | D:4      | Killed Duvessa
  4839 | D:4      | Reached skill level 1 in Conjurations
  4839 | D:4      | Reached skill level 1 in Necromancy
  4839 | D:4      | Reached skill level 1 in Earth Magic
  4848 | D:4      | Killed Dowan
  5048 | D:5      | Entered Level 5 of the Dungeon
  5060 | D:5      | Reached XP level 7. HP: 25/51 MP: 7/11
  5073 | D:5      | Noticed Ijyb
  5190 | D:5      | Noticed Edmund
  5201 | D:5      | Killed Edmund
  5268 | D:5      | Killed Ijyb
  5444 | D:5      | Slain by an ogre

Illustrated notes

Levels and vault maps discovered:
D:1:      dpeg_arrival_windows_large_door, layout_basic, serial_shops,
          nicolae_shop_crystal
D:2:      layout_basic, hellmonk_ecumenical_altar_defaced_shrine,
          nicolae_figureground_pulse
D:3:      layout_basic, nicolae_overflow_squiral, gup_sewer_entry_spiral
D:4:      wad_lake_hut, layout_rooms, mainiacjoe_overflow_alcove_1,
          item_on_display_a, uniq_duvessa
D:5:      layout_basic, uniq_ijyb, uniq_edmund, uniq_menkaure

Skill      XL: |  1  2  3  4  5  6  7 |
---------------+----------------------+-----
Dodging        | 2 |  2.0
Stealth        | 2 |  2.0
Ice Magic      | 4 5 |  5.5
Fighting       | 1 2 3 |  3.2
Armour         | 1 2 |  2.7
Spellcasting   | 3 |  3.6
Conjurations   | 1 2 |  2.1
Necromancy     | 1 2 |  2.4
Earth Magic    | 1 |  1.9

Action                   |  1- 3 |  4- 6 |  7- 9 || total
-------------------------+-------+-------+-------++-------
Melee: Mace              |    25 |       |       ||    25
       Short sword       |    50 |   140 |     6 ||   196
       Tailslap          |     4 |    17 |     2 ||    23
 Cast: Freeze            |    32 |   102 |    40 ||   174
  Use: Potion            |       |       |     1 ||     1
 Stab: Sleeping          |     2 |     2 |       ||     4
Armor: Robe              |    19 |       |       ||    19
       Leather armour    |    36 |    61 |    11 ||   108
Dodge: Dodged            |    93 |   119 |    41 ||   253
